 Dungeon Crawl Stone Soup version 0.21-a0-538-gd16b88a (webtiles) character file.

32 slep the Chopper (level 3, 0/29 HPs)
             Began as a Demonspawn Gladiator on Dec 16, 2017.
             Succumbed to an adder's poison
             ... on level 2 of the Dungeon.
             The game lasted 00:02:21 (925 turns).

slep the Chopper (Demonspawn Gladiator)              Turns: 925, Time: 00:02:22

Health: 0/29       AC:  9    Str: 16    XL:     3   Next: 8%
Magic:  3/3        EV:  7    Int: 13    God:
Gold:   84         SH:  0    Dex: 15    Spells: 2/2 levels left

rFire    . . .     SeeInvis .   a - +0 war axe
rCold    . . .     Gourm    .   (no shield)
rNeg     . . .     Faith    .   o - +0 chain mail (curse)
rPois    .         Spirit   .   c - +0 helmet
rElec    .         Reflect  .   (no cloak)
rCorr    .         Harm     .   (no gloves)
MR       .....                  (no boots)
Stlth    ..........             (no amulet)
HPRegen  0.09/turn              e - +4 ring of intelligence
MPRegen  0.08/turn              (no ring)

@: lethally poisoned (0 -> -5)
A: demonic guardian 1, robust 1, strong 1
a: no special abilities


You were on level 2 of the Dungeon.
You were not hungry.

You visited 1 branch of the dungeon, and saw 2 of its levels.

You collected 84 gold pieces.

Inventory:

Hand Weapons
 a - a +0 war axe (weapon)
Missiles
 d - 3 throwing nets (quivered)
Armour
 b - a +0 leather armour
 c - a +0 helmet (worn)
 o - a cursed +0 chain mail (worn)
Jewellery
 e - a +4 ring of intelligence (left hand)
Scrolls
 g - 2 scrolls of teleportation {unknown}
 i - a scroll of enchant weapon {unknown}
 l - 2 scrolls of identify {unknown}
 n - 3 scrolls of remove curse {unknown}
 p - a scroll of noise {unknown}
Potions
 h - a potion of mutation
 j - 2 potions of curing {unknown}
 k - a potion of berserk rage {unknown}
Comestibles
 f - a bread ration
 m - 2 royal jellies


   Skills:
 + Level 2.2 Fighting
 + Level 3.2 Axes
 + Level 1.8 Throwing
 + Level 0.4 Armour
 + Level 2.9 Dodging
 + Level 0.8 Stealth


You had 2 spell levels left.
You didn't know any spells.

Dungeon Overview and Level Annotations

Branches:
Dungeon (2/15)

Altars:


Innate Abilities, Weirdness & Mutations

A weak demonic guardian rushes to your aid.
You are robust. (+10% HP)
Your muscles are strong. (Str +2)


Message History

You are lethally poisoned!
The adder poisons you!
Your iron imp hits the adder!
The adder dies!
You have reached level 3!
Your experience leads to an increase in your attributes!
Your base attributes are Str 14, Int 9, Dex 14.
Increase (S)trength, (I)ntelligence, or (D)exterity?
You feel agile.
There is a lethal amount of poison in your body!
* * * LOW HITPOINT WARNING * * *
You feel sick.
Wield which item (- for none, * to show all)? (? for menu, Esc to quit)
Wield which item (- for none, * to show all)? (? for menu, Esc to quit)
You don't have any such object.
Wield which item (- for none, * to show all)? (? for menu, Esc to quit)
Okay, then.
Unknown command.
It was a potion of mutation.
You feel extremely strange.
You feel stronger.
You feel robust.
You die...

>#.<.#....##.............#
.#...##<..##.####.....[..#
.....####.##.# #........#
.†.#.####....# #........#
))......###### #........#
....#...# #........#
....#...# #........#
........# #.####........#
...###.## #....@........#
...# # ###..5#....####
..... #.#.###..# .....
#.#.. ..# # ### #.# .# .#


You could see a friendly iron imp.

Vanquished Creatures
  A dart slug (D:1)
  An orc (D:2)
  A giant cockroach (D:1)
  A goblin (D:1)
  A hobgoblin (D:1)
  2 jackals (D:2)
  A bat (D:1)
  5 kobolds
  2 rats
15 creatures vanquished.

Vanquished Creatures (collateral kills)
  2 adders (D:2)
  A goblin (D:2)
  2 jackals (D:2)
5 creatures vanquished.

Grand Total: 20 creatures vanquished

Notes
Turn   | Place    | Note
-------+----------+-------------------------------------------
     0 | D:1      | slep the Demonspawn Gladiator began the quest for the Orb.
     0 | D:1      | Reached XP level 1. HP: 16/16 MP: 1/1
   441 | D:1      | Gained mutation: A weak demonic guardian rushes to your aid. [demonic ancestry]
   441 | D:1      | Reached XP level 2. HP: 10/22 MP: 2/2
   868 | D:2      | Reached skill level 3 in Axes
   922 | D:2      | HP: 1/22 [adder (4)]
   922 | D:2      | Reached XP level 3. HP: 2/27 MP: 3/3
   925 | D:2      | Gained mutation: Your muscles are strong. (Str +2) [potion of mutation]
   925 | D:2      | Gained mutation: You are robust. (+10% HP) [potion of mutation]
   925 | D:2      | Succumbed to an adder's poison

Vault maps used:
D:1:      kennysheep_arrival_forest, minmay_misc_feat_tower, grunt_decor_cap

Skill      XL: |  1  2 |
---------------+-------+-----
Axes           | 3 |  3.2
Fighting       | |  2.2
Throwing       | |  1.8
Armour         | |  0.4
Dodging        | |  2.9
Stealth        | |  0.8

Action                   || total
-------------------------++-------
Melee: War axe           ||    53
  Use: Potion            ||     1
Armor: Leather armour    ||    13
       Chain mail        ||    37
Dodge: Dodged            ||    42

Table legend:
 A = Spawn XP
 B = Non-spawn XP
 C = Spawn XP percentage of total XP
 D = Spawn monster count
 E = Non-spawn monster count
 F = Spawn count percentage of total count
 G = Total turns spent on level
                    A         B        C        D         E        F      G
               +---------+---------+-------+---------+---------+-------+---------
         Total |       0 |      46 |   0.0 |       0 |      20 |   0.0 |   925
               +---------+---------+-------+---------+---------+-------+---------
           D:1 |       0 |      18 |   0.0 |       0 |      10 |   0.0 |   862
           D:2 |       0 |      28 |   0.0 |       0 |      10 |   0.0 |    63
               +---------+---------+-------+---------+---------+-------+---------
